 Dungeon Crawl Stone Soup version 0.28.0-45-g0d030f2227 (webtiles) character file.

Game seed: 16735097232266670671

67 pkoi the Gusty (level 3, -3/26 HPs)
             Began as a Demigod Air Elementalist on Apr 8, 2022.
             Killed from afar by an orc wizard (6 damage)
             ... with a magic dart
             ... on level 2 of the Dungeon.
             The game lasted 00:03:41 (3127 turns).

pkoi the Gusty (Demigod Air Elementalist)           Turns: 3127, Time: 00:03:42

Health: -3/26      AC:  3    Str:  9    XL:     3   Next: 72%
Magic:  0/9        EV: 12    Int: 21    God:
Gold:   28         SH:  0    Dex: 14    Spells: 1/7 levels left

rFire   . . .      SeeInvis .   h - staff of cold
rCold   + . .      Faith    .   (no shield)
rNeg    . . .      Spirit   .   a - +0 robe
rPois   .          Reflect  .   e - +0 helmet
rElec   .          Harm     .   (no cloak)
rCorr   .          Rampage  .   (no gloves)
Will    .....                   (no boots)
Stlth   ++........              (no amulet)
HPRegen 0.08/turn               (no ring)
MPRegen 0.11/turn               (no ring)

@: no status effects
A: high MP 1, forlorn, divine attributes
a: no special abilities


You were on level 2 of the Dungeon.
You visited 1 branch of the dungeon, and saw 3 of its levels.

You collected 28 gold pieces.

Inventory:

Hand Weapons
 b - a +0 spear
Armour
 a - a +0 robe (worn)
 e - a +0 helmet (worn)
Magical Staves
 h - a staff of cold (weapon)
Scrolls
 d - 3 scrolls of identify
 g - a scroll of teleportation {unknown}
Potions
 c - 2 potions of heal wounds {unknown}
 f - a potion of ambrosia


   Skills:
 - Level 1.7 Dodging
 - Level 1.7 Stealth
 + Level 2.5 Spellcasting
 - Level 0.8 Conjurations
 * Level 4.0 Air Magic


You had one spell level left.
You knew the following spells:

 Your Spells              Type           Power      Damage    Failure   Level
a - Shock                 Conj/Air       48%        1d6       5%          1
b - Static Discharge      Conj/Air       12%        N/A       8%          2
c - Swiftness             Air            19%        N/A       9%          3

Your spell library contained the following spells:

 Spells                   Type           Power      Damage    Failure   Level
 Airstrike                Air            9%         N/A       26%         4
 Iskenderun's Battlesphe  Conj           6%         2d6       95%         5
 Fireball                 Conj/Fire      2%         3d4       97%         5
 Conjure Ball Lightning   Conj/Air       6%         3x3d6     100%        6
 Orb of Destruction       Conj           3%         9d5       100%        7


Dungeon Overview and Level Annotations

Branches:
Dungeon (3/15)

Annotations:
D:2 Sigmund


Innate Abilities, Weirdness & Mutations

You have an increased reservoir of magic. (+10% MP)
You shall have no god before yourself.
Your divine heritage dramatically boosts your attributes as you level up.


Message History

You hear some strange, mumbled words.
You are confused.
You completely miss something. Something hits you but does no damage.
Something hits you.
* * * LOW HITPOINT WARNING * * *
You closely miss something. Something hits you.
* * * LOW HITPOINT WARNING * * *
You bump into the rock wall.
You hear some strange, mumbled words.
A puff of flame appears from out of thin air!
The puff of flame hits you.
* * * LOW HITPOINT WARNING * * *
You closely miss something. Something hits you.
* * * LOW HITPOINT WARNING * * *
You bump into the rock wall.
You feel less confused. Something barely misses you.
Aiming: Shock (safe; 5% risk of failure)
Press: ? - help, Q - select action, (/) - cycle Shift-Dir - straight line Something hits you.
* * * LOW HITPOINT WARNING * * *
Unknown command.
You miss something.
You hear some strange, mumbled words.
Something tries to affect you, but you resist.
You closely miss something. Something hits you.
* * * LOW HITPOINT WARNING * * *
You closely miss something. Something hits you.
* * * LOW HITPOINT WARNING * * *
Something hits you but does no damage.
You closely miss something. Something hits you.
* * * LOW HITPOINT WARNING * * *
You aren't carrying any items that you can evoke.
As you read the scroll labelled ASAZUX LOPHY, it crumbles to dust.
It is a scroll of identify.
f - a potion of ambrosia You hear some strange, mumbled words.
A magic dart appears from out of thin air!
The magic dart hits you.
You die...

...............#
......#...#....#
.............#.#
......#...##.#.#
......#........##
#####.#<.#.###..####
# #.#..#.........# #
#.#.#######..#.# #
#.#.....# #.@{.#
###.#####.# ####.#
#...#.....# #.#
#.###.##### ### #.#
#.# #.###.# #.....#
#######


There were no monsters in sight!

Vanquished Creatures
  2 adders (D:2)
  3 dart slugs
  An orc (D:3)
  An endoplasm (D:2)
  2 giant cockroaches
  5 goblins (D:1)
  5 hobgoblins
  2 quokkas
  7 ball pythons
  3 bats
  3 frilled lizards (D:1)
  4 kobolds
  4 rats
42 creatures vanquished.

Notes
Turn   | Place    | Note
-------+----------+-------------------------------------------
     0 | D:1      | pkoi the Demigod Air Elementalist began the quest for the
                  | Orb.
     0 | D:1      | Reached XP level 1. HP: 14/14 MP: 5/5
   433 | D:1      | Reached skill level 3 in Air Magic
   635 | D:1      | Reached XP level 2. HP: 20/20 MP: 4/7
  1558 | D:1      | Reached XP level 3. HP: 26/26 MP: 7/9
  1926 | D:2      | Noticed Sigmund
  2135 | D:2      | Learned a level 2 spell: Static Discharge
  2139 | D:2      | Learned a level 3 spell: Swiftness
  3097 | D:3      | Reached skill level 4 in Air Magic
  3127 | D:2      | Killed from afar by an orc wizard

Illustrated notes

Levels and vault maps discovered:
D:1:      psy_arrival_radial01, layout_basic
D:2:      layout_basic, basic_altar, roderic_serpentine_path, uniq_sigmund
D:3:      minmay_spotlight, layout_loops_corners, mainiacjoe_overflow_paths,
          ebering_ecumenical_altar_abandoned, uniq_crazy_yiuf_cottage

Skill      XL: |  1  2  3 |
---------------+----------+-----
Air Magic      | 3 4 |  4.0
Spellcasting   | 2 |  2.5
Dodging        | |  1.7
Stealth        | |  1.7
Conjurations   | |  0.8

Action                   || total
-------------------------++-------
Melee: Spear             ||     6
       Staff             ||    21
 Cast: Shock             ||   105
  Use: Scroll            ||     1
Armor: Robe              ||    13
Dodge: Dodged            ||    19
